 Dungeon Crawl Stone Soup version 0.22.0-38-g04b72b8 (webtiles) character file.

94 Marcoleric the Chopper (level 4, -8/37 HPs)
             Began as a Demonspawn Gladiator on Aug 29, 2018.
             Mangled by an ice beast (11 damage)
             ... on level 3 of the Dungeon.
             The game lasted 00:06:39 (2056 turns).

Marcoleric the Chopper (Demonspawn Gladiator)       Turns: 2056, Time: 00:06:41

Health: -8/37      AC:  5    Str: 16    XL:     4   Next: 38%
Magic:  4/4        EV: 19    Int:  9    God:
Gold:   96         SH:  0    Dex: 19    Spells: 3/3 levels left

rFire    . . .     SeeInvis .   a - +0 war axe
rCold    . . .     Gourm    .   (no shield)
rNeg     . . .     Faith    .   b - +0 leather armour
rPois    +         Spirit   .   c - +0 helmet
rElec    .         Reflect  .   (no cloak)
rCorr    .         Harm     .   (no gloves)
MR       .....                  (no boots)
Stlth    ++........             (no amulet)
HPRegen  0.12/turn              e - ring of poison resistance
MPRegen  0.09/turn              (no ring)

@: agile
A: hooves 1, robust 1, shaggy fur 1, sturdy frame 2
a: no special abilities


You were on level 3 of the Dungeon.
You were not hungry.

You visited 1 branch of the dungeon, and saw 3 of its levels.

You collected 96 gold pieces.

Inventory:

Hand Weapons
 a - a +0 war axe (weapon)
Missiles
 d - 3 throwing nets (quivered)
Armour
 b - a +0 leather armour (worn)
 c - a +0 helmet (worn)
Jewellery
 e - a ring of poison resistance (left hand)
Scrolls
 g - 2 scrolls of identify
Comestibles
 f - 3 rations


   Skills:
 + Level 2.4 Fighting
 + Level 3.7 Axes
 + Level 1.8 Throwing
 + Level 1.3 Armour
 + Level 3.2 Dodging
 + Level 0.1 Stealth


You had 3 spell levels left.
You didn't know any spells.
Your spell library contained the following spells:

 Spells                   Type           Power        Failure   Level  Hunger
 Corona                   Hex            #......      38%         1    ##.....
 Ensorcelled Hibernation  Hex/Ice        #.....       52%         2    ###....
 Confuse                  Hex            #.......     77%         3    ####...
 Dazzling Spray           Conj/Hex       #.....       77%         3    ####...
 Tukima's Dance           Hex            #.......     77%         3    ####...


Dungeon Overview and Level Annotations

Branches:
Dungeon (3/15)

Altars:

Annotations:
D:3 Grinder


Innate Abilities, Weirdness & Mutations

Your movements are less encumbered by armour. (ER -4)
You have large cloven feet.
You are robust. (+10% HP)
You are covered in fur. (AC +1)


Message History

The ice beast is severely wounded.
You slash Grinder! The ice beast misses you.
Grinder blinks!
The ice beast misses you.
You hit the ice beast. Your kick misses the ice beast.
The ice beast is almost dead.
The ice beast closely misses you.
You closely miss the ice beast. Your kick misses the ice beast.
The ice beast is almost dead.
The ice beast hits you but does no damage.
You barely miss the ice beast.
You kick the ice beast, but do no damage.
The ice beast is almost dead.
You hit Grinder but do no damage. The ice beast barely misses you.
Grinder misses you. The ice beast closely misses you.
You barely miss the ice beast.
The ice beast is almost dead.
You barely miss Grinder. Grinder barely misses you. The ice beast hits you.
* * * LOW HITPOINT WARNING * * *
The ice beast freezes you!
You die...

########.#
.........# #..
.)..###### #.#
###<###### #.#
#......# #.#
######.########.###
#######............
.........#######5#
#######.......Y@.#
############


You could see Grinder and an ice beast.

Vanquished Creatures
  4 adders
  2 worms
  A dart slug (D:2)
  A leopard gecko (D:2)
  A ball python (D:2)
  10 bats
  A giant cockroach (D:1)
  4 goblins
  3 hobgoblins
  4 jackals (D:1)
  3 kobolds
  A quokka (D:2)
  6 frilled lizards
  10 rats
  11 plants (D:1)
62 creatures vanquished.

Notes
Turn   | Place    | Note
-------+----------+-------------------------------------------
     0 | D:1      | Marcoleric the Demonspawn Gladiator began the quest for the Orb.
     0 | D:1      | Reached XP level 1. HP: 16/16 MP: 1/1
   292 | D:1      | Gained mutation: Your movements are slightly less encumbered by armour. (ER -2) [demonic ancestry]
   292 | D:1      | Reached XP level 2. HP: 15/22 MP: 2/2
   959 | D:2      | Reached skill level 1 in Armour
   959 | D:2      | Reached XP level 3. HP: 27/27 MP: 3/3
  1257 | D:2      | Gained mutation: You are covered in fur. (AC +1) [potion of mutation]
  1257 | D:2      | Gained mutation: You have large cloven feet. [potion of mutation]
  1257 | D:2      | Gained mutation: You are robust. (+10% HP) [potion of mutation]
  1390 | D:2      | Gained mutation: Your movements are less encumbered by armour. (ER -4) [demonic ancestry]
  1390 | D:2      | Reached XP level 4. HP: 31/37 MP: 4/4
  1717 | D:3      | Noticed an ice beast
  2036 | D:3      | Noticed Grinder
  2056 | D:3      | Mangled by an ice beast

Skill      XL: |  1  2  3 |
---------------+----------+-----
Axes           | 3 |  3.7
Armour         | 1 |  1.3
Dodging        | 3 |  3.2
Fighting       | |  2.4
Throwing       | |  1.8
Stealth        | |  0.1

Action                   |  1- 3 |  4- 6 || total
-------------------------+-------+-------++-------
Melee: War axe           |   217 |    54 ||   271
       Kick              |     2 |    15 ||    17
  Use: Potion            |     7 |     2 ||     9
       Scroll            |     4 |     1 ||     5
 Stab: Sleeping          |     1 |       ||     1
  Eat: Ration            |     1 |     1 ||     2
Armor: Leather armour    |    60 |    16 ||    76
Dodge: Dodged            |   116 |    61 ||   177
